 Dungeon Sprint DCSS version 0.29-a0-997-gf6f7e2dfe7 (webtiles) character file.

Game seed: 9408005335784076022

630 123456 the Fighter (level 7, -4/74 HPs)
             Began as a Minotaur Fighter on Aug 4, 2022.
             Was a Believer of Okawaru.
             Slain by a deep elf pyromancer
             ... wielding a +0 long sword
              (6 damage)
             ... in the Dungeon (Sprint IX: "|||||||||||||||||||||||||||||").
             The game lasted 00:00:59 (633 turns).

123456 the Fighter (Minotaur Fighter)                Turns: 633, Time: 00:01:00

Health: -4/74      AC: 17    Str: 21    XL:     7   Next: 24%
Magic:  6/6        EV:  8    Int:  5    God:    Okawaru [**....]
Gold:   0          SH:  5    Dex: 14    Spells: 6/6 levels left

rFire   . . .      SeeInvis .   n - +2 morningstar (vorpal)
rCold   . . .      Faith    .   c - +0 buckler
rNeg    . . .      Spirit   .   o - +0 plate armour
rPois   .          Reflect  .   (helmet restricted)
rElec   .          Harm     .   (no cloak)
rCorr   .          Rampage  .   (no gloves)
Will    .....      NoTele   +   a - +0 pair of boots
Stlth   ..........              (no amulet)
HPRegen 0.22/turn               p - +2 ring of protection
MPRegen 0.10/turn               q - +3 ring of dexterity

@: no status effects
A: horns 2, retaliatory headbutt
a: Renounce Religion, Heroism


You were in the Dungeon.
You worshipped Okawaru.
Okawaru was pleased with you.
You visited 1 branch

Inventory:

Hand Weapons
 n - a +2 vorpal morningstar (weapon)
Armour
 a - a +0 pair of boots (worn)
 c - a +0 buckler (worn)
 o - a +0 plate armour (worn)
Jewellery
 p - a +2 ring of protection (left hand)
 q - a +3 ring of dexterity (right hand)
Wands
 m - a wand of iceblast (10)
Scrolls
 j - 2 scrolls of blinking
 l - 2 scrolls of amnesia
Potions
 d - a potion of might
 e - a potion of invisibility
 f - 2 potions of heal wounds
 g - a potion of haste
 h - 4 potions of magic
 i - a potion of berserk rage
 k - 4 potions of curing


   Skills:
 * Level 11.4 Fighting
 * Level 11.1 Maces & Flails
 + Level 8.4 Armour
 + Level 7.0 Dodging
 - Level 3.6 Shields


You had 6 spell levels left.
You didn't know any spells.
Your spell library was empty.

Dungeon Overview and Level Annotations

Branches:
Dungeon (1/1)

Altars:
Cheibriados
Dithmenos
Elyvilon
Fedhas
Gozag
Hepliaklqana
Kikubaaqudgha
Makhleb
Nemelex Xobeh
Okawaru
Qazlal
Ru
Sif Muna
Trog
Uskayaw
Vehumet
Wu Jian
Xom
Yredelemnul
Zin
The Shining One
Jiyva
Lugonu


Innate Abilities, Weirdness & Mutations

You have a pair of horns on your head.
You reflexively headbutt those who attack you in melee.


Message History

The fire elemental is moderately damaged.
The deep elf pyromancer points at you and mumbles some strange words.
The sticky flame hits you.
You are covered in liquid flames!
The fire elemental hits you. The fire elemental burns you!
You barely miss the deep elf pyromancer.
Your headbutt misses the deep elf pyromancer.
You are covered in liquid flames!
The deep elf pyromancer hits you but does no damage.
The fire elemental hits you. The fire elemental burns you!
You barely miss the deep elf pyromancer.
You headbutt the deep elf pyromancer.
The deep elf pyromancer is lightly wounded.
You are covered in liquid flames!
You are no longer on fire.
You block the fire elemental's attack.
You block the deep elf pyromancer's attack.
The meliai mumbles some strange prayers to its god against you.
Something smites you!
You hit the deep elf pyromancer.
You headbutt the deep elf pyromancer, but do no damage.
The deep elf pyromancer is lightly wounded.
The fire elemental hits you. The fire elemental burns you!
You block the deep elf pyromancer's attack.
The fire elemental hits you. The fire elemental burns you!
* * * LOW HITPOINT WARNING * * *
The meliai mumbles some strange prayers to its god against you.
Something smites you!
* * * LOW HITPOINT WARNING * * *
You closely miss the deep elf pyromancer.
The deep elf pyromancer is lightly wounded.
The fire elemental hits you. The fire elemental burns you!
* * * LOW HITPOINT WARNING * * *
The deep elf pyromancer hits you with a +0 long sword.
* * * LOW HITPOINT WARNING * * *
You barely miss the deep elf pyromancer.
The deep elf pyromancer is lightly wounded.
The fire elemental closely misses you.
The deep elf pyromancer hits you with a +0 long sword.
You die... ▓▓▓▓▓▓▓▓▓▓▓▓▓▓▓▓▓▓▓▓▓▓▓▓ '..).[....)[...E@ecTyyu. ▓▓▓▓▓▓▓▓▓▓▓▓▓▓▓▓▓▓▓▓▓▓▓▓

You could see a cyan ugly thing, a centaur warrior, a deep elf pyromancer, a troll, a fire elemental (summoned), a vampire mosquito and a meliai.

Vanquished Creatures
  A yak (D)
  A wyvern (D)
  A centaur (D)
  A scorpion (D)
  A wight (D)
  A howler monkey (D)
  A jelly (D)
  A gnoll bouda (D)
  An iguana (D)
  An orc wizard (D)
  A dart slug (D)
  An endoplasm (D)
  A goblin (D)
  A kobold (D)
  2 frilled lizards (D)
16 creatures vanquished.

Notes
Turn   | Place    | Note
-------+----------+-------------------------------------------
     0 | D        | 123456 the Minotaur Fighter began the quest for the Orb.
     0 | D        | Reached XP level 1. HP: 19/19 MP: 0/0
    14 | D        | Reached skill level 1 in Dodging
    65 | D        | Noticed a jelly
    65 | D        | Noticed an iguana
    65 | D        | Noticed a centaur
    65 | D        | Noticed a scorpion
    68 | D        | Killed a jelly
    69 | D        | Reached skill level 5 in Fighting
    69 | D        | Reached skill level 5 in Maces & Flails
    69 | D        | Reached XP level 2. HP: 25/30 MP: 1/1
    69 | D        | Reached XP level 3. HP: 31/37 MP: 2/2
    79 | D        | Reached skill level 5 in Armour
    82 | D        | Killed a centaur
    83 | D        | Reached XP level 4. HP: 9/48 MP: 3/3
    83 | D        | Reached XP level 5. HP: 10/53 MP: 4/4
    87 | D        | Reached skill level 5 in Dodging
   305 | D        | Found a snail-covered altar of Cheibriados.
   305 | D        | Found a shadowy altar of Dithmenos.
   305 | D        | Found a white marble altar of Elyvilon.
   305 | D        | Found a blossoming altar of Fedhas.
   305 | D        | Found an opulent altar of Gozag.
   306 | D        | Found a hazy altar of Hepliaklqana.
   307 | D        | Found a viscous altar of Jiyva.
   308 | D        | Found an ancient bone altar of Kikubaaqudgha.
   309 | D        | Found a corrupted altar of Lugonu.
   310 | D        | Found a burning altar of Makhleb.
   311 | D        | Found a sparkling altar of Nemelex Xobeh.
   312 | D        | Found an iron altar of Okawaru.
   313 | D        | Found a stormy altar of Qazlal.
   314 | D        | Found a sacrificial altar of Ru.
   315 | D        | Found a shimmering blue altar of Sif Muna.
   316 | D        | Found a bloodstained altar of Trog.
   317 | D        | Found a hide-covered altar of Uskayaw.
   318 | D        | Found a radiant altar of Vehumet.
   319 | D        | Found an ornate altar of the Wu Jian Council.
   320 | D        | Became a worshipper of Warmaster Okawaru
   321 | D        | Found a shimmering altar of Xom.
   322 | D        | Found a basalt altar of Yredelemnul.
   323 | D        | Found a glowing silver altar of Zin.
   324 | D        | Found a glowing golden altar of the Shining One.
   353 | D        | Noticed a yak
   353 | D        | Noticed a wyvern
   355 | D        | Killed a yak
   355 | D        | Reached * piety under Okawaru
   356 | D        | Reached skill level 10 in Fighting
   356 | D        | Reached XP level 6. HP: 66/66 MP: 5/5
   359 | D        | Reached skill level 10 in Maces & Flails
   373 | D        | Killed a wyvern
   373 | D        | Reached ** piety under Okawaru
   374 | D        | Reached XP level 7. HP: 26/74 MP: 6/6
   625 | D        | Noticed a deep elf pyromancer
   625 | D        | Noticed a centaur warrior
   625 | D        | Noticed a troll
   625 | D        | Noticed a vampire mosquito
   625 | D        | Noticed a meliai
   625 | D        | Noticed a cyan ugly thing
   627 | D        | Noticed a fire elemental
   632 | D        | HP: 2/74 [fire elemental[a deep elf pyromancer] (8)]
   633 | D        | Slain by a deep elf pyromancer

Illustrated notes

Levels and vault maps discovered:
D:        linesprint [early_d, line_temple, items_1, d_10, items_2, lair_1,
          lair_end, items_3, orc_1, orc_end, items_4, d_15, swamp_1, shoals_1,
          snake_1, spider_1, d_20, vaults_1, items_5, swamp_end, shoals_end,
          snake_end, spider_end, vaults_end, d_27, items_6, zot_1, zot_end,
          crypt_end, forest_end, elf_end, slime_end, tomb_end, abyss_end,
          pan_hell_end]

Skill      XL: |  1  2  3  4  5  6 |
---------------+-------------------+-----
Fighting       | 5 7 10 11 | 11.4
Maces & Flails | 5 7 9 11 | 11.1
Dodging        | 2 4 6 7 |  7.0
Armour         | 4 6 7 8 |  8.4
Shields        | |  3.6

Action                   |  1- 3 |  4- 6 |  7- 9 || total
-------------------------+-------+-------+-------++-------
Melee: Flail             |    33 |     3 |       ||    36
       Headbutt          |     5 |     4 |     4 ||    13
       Morningstar       |       |    18 |    11 ||    29
  Use: Potion            |       |     2 |       ||     2
Armor: Scale mail        |    16 |       |       ||    16
       Plate armour      |       |       |     6 ||     6
Dodge: Dodged            |    12 |    10 |     2 ||    24
Block: Buckler           |     2 |     1 |     3 ||     6

Table legend: (Time is in decaauts)
 A = Elapsed time spent in this place.
 B = Non-inter-level travel time spent in this place.
 C = Inter-level travel time spent in this place.
 D = Time resting spent in this place.
 E = Time spent auto-exploring this place.
 F = Levels seen in this place.
 G = Mean time per level.
                   A        B        C        D        E       F      G
               +--------+--------+--------+--------+--------+-----+--------+
         Total |    639 |    639 |      0 |    437 |     55 |   1 |  639.0 |
       Dungeon |    639 |    639 |      0 |    437 |     55 |   1 |  639.0 |
               +--------+--------+--------+--------+--------+-----+--------+

Top non-repeatable levels by time:
       D: 639 daAuts
